Map: Divergence LE

Players

Darkrai

  • Race: Terran Terran
  • League: Gold
  • Spawn Location: 11:00

Gomboc

  • Race: Protoss Protoss
  • League: Platinum
  • Spawn Location: 11:00

Massa - Winner!

  • Race: Terran Terran
  • League: Gold
  • Spawn Location: 5:00

qqq - Winner!

  • Race: Zerg Zerg
  • League: Platinum
  • Spawn Location: 5:00

VOD

Have the link to the VOD?

Description

Time

  • Played on: May 4, 2020, 3:31 p.m.
  • Length: 4:08
Show
View Real Time Build Order
Export as new Build Order

Darkrai Terran 

Build Orders: Reaper Expand 

Get SALT Encoding   

  12  0:01  SCV  
  13  0:13  SCV  
  14  0:21  Supply Depot  
  14  0:25  SCV  
  15  0:44  Barracks  
  15  0:46  SCV  
  16  0:50  Refinery  
  16  1:21  SCV  
  17  1:35  Reaper  
  18  1:41  Supply Depot  
  18  1:44  Orbital Command  
  18  1:54  Command Center  
  18  2:01  Refinery  
  18  2:14  Factory  
  18  2:20  SCV  
  19  2:31  Barracks Tech Lab  
  19  2:33  SCV  
  20  2:52  SCV  
  21  3:04  SCV  
  22  3:14  Siege Tank  
  22  3:17  Orbital Command  
  25  3:43  Marine  
  24  3:51  SCV  
  22  3:59  Factory Tech Lab  
Show
View Real Time Build Order
Export as new Build Order

Gomboc Protoss 

Build Orders: 1 Gate Expand 

Get SALT Encoding   

  12  0:01  Probe  
  13  0:14  Pylon  
  13  0:18  Probe  
  14  0:31  Probe (Chrono Boost)  
  15  0:37  Gateway  
  16  0:43  Probe (Chrono Boost)  
  16  0:48  Assimilator  
  16  0:49  Probe (Chrono Boost)  
  17  1:11  Probe (Chrono Boost)  
  18  1:23  Probe (Chrono Boost)  
  19  1:29  Probe (Chrono Boost)  
  20  1:37  Probe  
  21  1:42  Cybernetics Core  
  21  1:43  Nexus  
  20  1:47  Assimilator  
  20  1:53  Probe  
  21  1:57  Pylon  
  21  2:05  Probe  
  22  2:17  Probe  
  22  2:20  Stalker  
  25  2:25  Shield Battery  
  25  2:29  Probe  
  26  2:45  Probe, Twilight Council  
  27  2:51  Gateway  
  27  2:57  Probe x2  
  29  3:01  Stalker  
  28  3:51  Pylon  
  28  3:53  Pylon  
Show
View Real Time Build Order
Export as new Build Order

Massa Terran - Winner!

Build Orders:  

Get SALT Encoding   

  12  0:13  SCV  
  13  0:15  Supply Depot  
  13  0:25  SCV  
  14  0:38  Barracks  
  14  0:41  SCV  
  15  0:53  SCV  
  16  1:05  SCV  
  17  1:17  SCV  
  18  1:28  Supply Depot  
  18  1:29  SCV  
  18  1:31  Barracks  
  18  1:32  Marine  
  20  1:41  SCV  
  21  1:50  Marine  
  21  1:53  SCV  
  23  1:58  Barracks  
  23  2:00  Barracks  
  23  2:07  Marine  
  24  2:09  Refinery, Orbital Command  
  24  2:15  Refinery  
  24  2:18  Marine  
  25  2:25  Marine  
  26  2:36  Marine  
  27  2:43  Marine  
  28  2:46  Marine  
  28  2:47  Marine  
  30  2:53  Marine  
  31  3:04  Supply Depot  
  31  3:07  Supply Depot  
  31  3:12  Factory  
  31  3:17  Supply Depot  
  31  3:26  SCV, Marine x3  
  35  3:37  Marine  
  35  3:38  SCV  
  37  3:43  Marine x3  
Show
View Real Time Build Order
Export as new Build Order

qqq Zerg - Winner!

Build Orders: Hatch First 

Get SALT Encoding   

  12  0:02  Drone  
  13  0:09  Drone  
  14  0:36  Hatchery  
  13  0:51  Spawning Pool  
  13  0:55  Extractor  
  11  0:57  Drone  
  12  1:06  Overlord  
  12  1:14  Drone  
  12  1:16  Drone  
  14  1:28  Drone  
  15  1:36  Drone  
  16  1:41  Zergling x2  
  17  1:49  Roach Warren  
  17  1:51  Drone  
  17  1:55  Zergling x2  
  18  2:03  Zergling x2  
  18  2:06  Drone  
  20  2:13  Zergling x2  
  21  2:16  Metabolic Boost  
  21  2:20  Zergling x2  
  22  2:24  Zergling x2  
  22  2:28  Zergling x2  
  24  2:33  Roach  
  26  2:42  Overlord  
  26  2:51  Roach  
  28  3:00  Roach  
  28  3:01  Overlord  
  29  3:15  Roach  
  31  3:23  Roach  
  33  3:30  Roach  
  33  3:31  Drone  
  33  3:32  Drone x2  
  35  3:54  Drone  
Tags
 
Add a new tag
Caveats
  • Supply blocks, unpowered buildings, or Contaminate may cause inaccurate times.
  • Supply counts are checked every 10 seconds.